 Dungeon Sprint DCSS version 0.28.0-53-g5a82cb258f (webtiles) character file.

Game seed: 6788918913321121648

194 Revguard the Sneak (level 5, -4/37 HPs)
             Began as an Octopode Venom Mage on Aug 4, 2022.
             Was a Follower of Jiyva.
             Slain by Imnian the pandemonium lord (18 damage)
             ... in the Dungeon (Sprint V: "Ziggurat Sprint").
             The game lasted 00:03:57 (281 turns).

Revguard the Sneak (Octopode Venom Mage)             Turns: 281, Time: 00:03:58

Health: -4/37      AC:  1    Str: 20    XL:     5   Next: 73%
Magic:  11/11      EV: 18    Int: 29    God:    Jiyva [*.....]
Gold:   0          SH:  0    Dex: 26    Spells: 2/12 levels left

rFire   . . .      SeeInvis .   A - +5 quick blade
rCold   . . .      Faith    .   (no shield)
rNeg    . . .      Spirit   .   (helmet restricted)
rPois   .          Reflect  .   (no amulet)
rElec   .          Harm     .   u - +6 ring of dexterity
rCorr   .          Rampage  .   v - +6 ring of dexterity
Will    .....      NoTele   +   y - +6 ring of strength
Stlth   +++++.....              z - +6 ring of strength
HPRegen 0.92/turn               t - ring of flight
MPRegen 0.37/turn               w - +6 ring of intelligence
                                x - +6 ring of intelligence
                                (no ring)

@: flying, slowed, invisible, very slow
A: almost no armour, amphibious, 8 rings, camouflage 1, gelatinous body 1,
(nimble swimmer 1), tentacles
a: Renounce Religion


You were in the Dungeon.
You worshipped Jiyva.
Jiyva was aware of your devotion.
You visited 1 branch

Inventory:

Hand Weapons
 A - a +5 quick blade (weapon)
Jewellery
 t - a ring of flight (on tentacle)
 u - a +6 ring of dexterity (left tentacle)
 v - a +6 ring of dexterity (right tentacle)
 w - a +6 ring of intelligence (on tentacle)
 x - a +6 ring of intelligence (on tentacle)
 y - a +6 ring of strength (on tentacle)
 z - a +6 ring of strength (on tentacle)
Wands
 q - a wand of mindburst (7)
 r - a wand of iceblast (7)
 s - a wand of acid (7)
Scrolls
 f - 4 scrolls of blinking
 l - 4 scrolls of amnesia
 m - 7 scrolls of fog
 n - a scroll of holy word
 o - 5 scrolls of identify
 p - 2 scrolls of fear
Potions
 a - 10 potions of curing
 b - 8 potions of heal wounds
 c - 6 potions of haste
 d - 7 potions of magic
 e - 3 potions of berserk rage
 g - 2 potions of brilliance
 h - a potion of invisibility
 i - 4 potions of resistance
 k - 5 potions of might
Miscellaneous
 j - a tin of tremorstones (2/2)


   Skills:
 + Level 3.7 Fighting
 + Level 3.7 Short Blades
 * Level 6.0 Dodging
 + Level 6.4 Stealth
 + Level 4.1 Spellcasting
 + Level 4.0 Transmutations
 + Level 6.0 Poison Magic
 + Level 4.1 Evocations


You had 2 spell levels left.
You knew the following spells:

 Your Spells              Type           Power      Damage    Failure   Level
a - Sting                 Tmut/Pois      100%       1d8       1%          1
b - Poisonous Vapours     Pois/Air       46%        N/A       3%          2
c - Olgreb's Toxic Radia  Pois           41%        N/A       6%          4
d - Mephitic Cloud        Conj/Pois/Air  17%        N/A       9%          3

Your spell library contained the following spells:

 Spells                   Type           Power      Damage    Failure   Level
 Beastly Appendage        Tmut           58%        N/A       1%          1
 Blink                    Tloc           10%        N/A       11%         2
 Spider Form              Tmut/Pois      35%        N/A       2%          3
 Ice Form                 Ice/Tmut       17%        N/A       30%         4
 Yara's Violent Unravell  Hex/Tmut       8%         3d5       63%         5


Dungeon Overview and Level Annotations

Branches:
Dungeon (1/1)

Altars:
Ashenzari
Cheibriados
Dithmenos
Elyvilon
Fedhas
Gozag
Hepliaklqana
Kikubaaqudgha
Makhleb
Nemelex Xobeh
Okawaru
Qazlal
Ru
Sif Muna
Trog
Uskayaw
Vehumet
Wu Jian
Xom
Yredelemnul
Zin
The Shining One
Beogh
Jiyva
Lugonu

Annotations:
D 1 transporter


Innate Abilities, Weirdness & Mutations

You cannot wear most types of armour.
You are amphibious.
You can wear up to eight rings at the same time.
Your skin changes colour to match your surroundings (Stealth+).
Your rubbery body absorbs attacks. (AC +1, EV +1)
((You are camouflaged when in or above water. (Stealth+)))
You have tentacles for arms and can constrict up to eight enemies at once.


Message History

Unknown command.
You feel much better. The shadow imp gestures at you.
Pain shoots through your body! Imnian hits you but does no damage.
You writhe in agony.
You hit the shadow imp. You grab the shadow imp.
The shadow imp is heavily wounded.
You constrict the shadow imp.
You catch the helpless shadow imp completely off-guard!
You puncture the shadow imp!
You kill the shadow imp!
Imnian hits you!
You writhe in agony!
* * * LOW HITPOINT WARNING * * *
You feel much better. Imnian hits you!!
Ouch! That really hurt!
* * * LOW HITPOINT WARNING * * *
You feel much better. Imnian gestures at you.
You feel yourself slow down.
Aiming: Mindburst
Press: ? - help, Shift-Dir - straight line, f - Imnian
Aim: Imnian, armed with a painful touch (chance to affect: 1%)
Okay, then.
You hit Imnian but do no damage. You miss Imnian.
Imnian sneers, "Accept thy fall, thou loggerheaded hedge-born deadneck!"
Imnian closely misses you.
You completely miss Imnian. You squeeze Imnian!
Imnian is lightly wounded.
Imnian hits you!!
Ouch! That really hurt!
* * * LOW HITPOINT WARNING * * *
You feel much better. Imnian hits you.
You writhe in agony!
You hit Imnian. Your squeeze misses Imnian.
Imnian is lightly wounded.
Imnian hits you.
You writhe in agony.
You hit Imnian.
Imnian is lightly wounded.
Imnian hits you!!
You die...

▓..©..▓..©..▓▓▓▓▓▓▓
▓▓▓▓▓▓▓▓▓▓▓▓▓▓
▓..8©8...▓
▓..&5"...▓
▓..."....▓
▓........▓
▓........▓
▓.▓....▓&▓
▓...©...@▓
▓▓▓▓▓▓▓▓▓▓


You could see Imnian and a shadow imp (asleep).

Vanquished Creatures
  A wolf (D)
  3 iguanas (D)
  2 river rats (D)
  A shadow imp (D)
  A jackal (D)
8 creatures vanquished.

Notes
Turn   | Place    | Note
-------+----------+-------------------------------------------
     0 | D        | Revguard the Octopode Venom Mage began the quest for the
                  | Orb.
     0 | D        | Reached XP level 1. HP: 11/11 MP: 3/3
     0 | D        | Found a blossoming altar of Fedhas.
     0 | D        | Found the +6 Majin-Bo {vamp, MP+6 Int+6}
     0 | D        | Found the +9 heavy crossbow "Sniper" {vorpal, Acc+∞ SInv}
     0 | D        | Found the +10 dark maul {vorpal}
     0 | D        | Found the +15 Maxwell's patent armour {-Cast -Tele rElec
                  | Will+ rCorr}
     0 | D        | Found the +18 shield of the Gong {rElec rN+ Will+ EV-5}
     0 | D        | Found the +14 obsidian axe {vorpal, Mesm Drain Fly SInv}
     0 | D        | Found the +7 great mace "Firestarter" {inner flame, rF++}
     0 | D        | Found the +6 shillelagh "Devastator" {shatter}
     0 | D        | Found the +11 plutonium sword {Contam Stlth-}
     0 | D        | Found the +8 lance "Wyrmbane" {slay drac, rPois rF+ rC+
                  | AC+3}
     0 | D        | Found the +9 sword of Zonguldrok {reap}
     0 | D        | Found the +13 scythe of Curses {drain, Drain}
     0 | D        | Found the +5 sword of Power {vorpal}
     0 | D        | Found the +7 mace of Variability {chain chaos}
     0 | D        | Found the +7 Singing Sword {vorpal, sonic wave}
     0 | D        | Found the +8 storm bow {elec, penet}
     1 | D        | Found a shimmering blue altar of Sif Muna.
     1 | D        | Found a sacrificial altar of Ru.
     1 | D        | Found a bloodstained altar of Trog.
     1 | D        | Found a stormy altar of Qazlal.
     1 | D        | Found an iron altar of Okawaru.
     1 | D        | Found a sparkling altar of Nemelex Xobeh.
     3 | D        | Found a transporter.
     3 | D        | Found an ancient bone altar of Kikubaaqudgha.
     3 | D        | Found a viscous altar of Jiyva.
     3 | D        | Found a corrupted altar of Lugonu.
     3 | D        | Found a hazy altar of Hepliaklqana.
     3 | D        | Found a burning altar of Makhleb.
     3 | D        | Found an opulent altar of Gozag.
    31 | D        | Reached XP level 2. HP: 19/19 MP: 3/5
    38 | D        | Became a worshipper of Jiyva Jojamaan the Shapeless
    55 | D        | Learned a level 2 spell: Poisonous Vapours
    63 | D        | Entered arena 2.
    63 | D        | Found a transporter.
    68 | D        | Got the Compendium of the Nocuous Voyage
    72 | D        | Entered arena 3.
    72 | D        | Noticed a wolf
    72 | D        | Found a transporter.
    79 | D        | Killed a wolf
    80 | D        | Reached skill level 5 in Dodging
    80 | D        | Reached skill level 5 in Stealth
    80 | D        | Reached skill level 5 in Poison Magic
    80 | D        | Reached XP level 3. HP: 24/26 MP: 1/8
    80 | D        | Reached XP level 4. HP: 28/31 MP: 1/9
    85 | D        | Reached XP level 5. HP: 18/36 MP: 1/10
   232 | D        | Entered arena 4.
   232 | D        | Found the +12 glaive of Prune {vorpal}
   232 | D        | Reached * piety under Jiyva
   232 | D        | Found a transporter.
   250 | D        | Got the Compendium of Changing
   256 | D        | Learned a level 4 spell: Olgreb's Toxic Radiance
   260 | D        | Learned a level 3 spell: Mephitic Cloud
   262 | D        | Entered arena 5.
   262 | D        | Noticed Gicku the pandemonium lord
   262 | D        | Noticed Imnian the pandemonium lord
   262 | D        | Found a transporter.
   281 | D        | Slain by Imnian the pandemonium lord

Illustrated notes

Levels and vault maps discovered:
D:        sprint_v [room_start, room_1, room_2, room_3, room_4, room_5, room_6,
          room_7, room_8, room_9, room_10, room_11, room_12, room_13, room_14,
          room_15, room_16, room_17, room_18, room_19, room_20, room_21,
          room_22, room_23, room_24, room_25, room_26, room_27]

Skill      XL: |  1  2  3  4  5 |
---------------+----------------+-----
Fighting       | 2 3 |  3.7
Short Blades   | 2 3 |  3.7
Dodging        | 4 5 6 |  6.0
Stealth        | 4 5 6 |  6.4
Transmutations | 2 3 4 |  4.0
Poison Magic   | 4 5 6 |  6.0
Evocations     | 2 3 4 |  4.1
Spellcasting   | 3 4 |  4.1

Action                   |  1- 3 |  4- 6 || total
-------------------------+-------+-------++-------
Melee: Quick blade       |     4 |    24 ||    28
       Tentacles         |     1 |     7 ||     8
       Constrict         |     1 |     6 ||     7
 Cast: Poisonous Vapours |     2 |     2 ||     4
  Use: Potion            |     1 |     7 ||     8
 Stab: Invisible         |       |     1 ||     1
Armor: Skin              |       |     2 ||     2
Dodge: Dodged            |     4 |     8 ||    12
